 Dungeon Crawl Stone Soup version 0.24-a0-201-gf205589 (webtiles) character file.

Game seed: 10720548642405648167

69323 Borgoz the Slicer (level 15, 0/92 HPs)
             Began as a Kobold Gladiator on Mar 24, 2019.
             Was an Elder of Ashenzari.
             Slain by an ettin
             ... wielding a +0 dire flail
              (34 damage)
             ... on level 12 of the Dungeon on Mar 25, 2019.
             The game lasted 01:15:36 (29169 turns).

Borgoz the Slicer (Kobold Gladiator)               Turns: 29169, Time: 01:15:37

Health: 0/92       AC: 16    Str: 17    XL:     15   Next: 73%
Magic:  0/26       EV: 22    Int: 14    God:    Ashenzari [****..]
Gold:   1471       SH:  0    Dex: 17    Spells: 16/29 levels left

rFire    + . .     SeeInvis +   a - +5 rapier
rCold    + . .     Gourm    .   (shield restricted)
rNeg     . . .     Faith    .   P - +3 ring mail {rPois} (curse)
rPois    +         Spirit   +   c - +0 helmet
rElec    .         Reflect  .   s - scarf {rC+ rF+} (curse)
rCorr    .         Harm     .   l - +0 pair of gloves
MR       +++..     Clarity  +   j - +2 pair of boots
Stlth    ++++......             h - amulet of guardian spirit (curse)
HPRegen  0.25/turn              o - ring of protection from magic
MPRegen  0.20/turn              D - ring "Omiamn" {MR+ Int+4 Slay+3}

@: confusing touch, marked
A: small, carnivore
a: Curse Item, Scrying, Renounce Religion


You were on level 12 of the Dungeon.
You worshipped Ashenzari.
Ashenzari was greatly pleased with you.
You were very full.

You visited 4 branches of the dungeon, and saw 21 of its levels.
You also visited: Ossuary and Volcano.

You collected 1471 gold pieces.

Inventory:

Hand Weapons
 a - a +5 rapier (weapon)
 C - a +0 dagger of draining
 G - a +1 short sword of freezing
Missiles
 d - 5 throwing nets (quivered)
 x - 13 tomahawks
Armour
 c - a +0 helmet (worn)
 j - a +2 pair of boots (worn)
 l - a +0 pair of gloves (worn)
 s - a cursed scarf of resistance (worn)
 L - a +2 scale mail of fire resistance
 P - a cursed +3 ring mail of poison resistance (worn)
Jewellery
 h - a cursed amulet of guardian spirit (around neck)
 o - a ring of protection from magic (left hand)
 D - the ring "Omiamn" (right hand) {MR+ Int+4 Slay+3}
   (You found it on level 2 of the Lair of Beasts)

   [ring of slaying]

   It affects your intelligence (+4).
   It affects your accuracy and damage with ranged weapons and melee attacks
   (+3).
   It affects your resistance to hostile enchantments.
Wands
 g - a wand of flame (44)
 A - a wand of disintegration (9)
 N - a wand of enslavement (9)
 S - a wand of acid (10)
Scrolls
 i - 8 scrolls of teleportation
 m - a scroll of identify
 n - 5 scrolls of remove curse
 p - a scroll of silence
 q - a scroll of summoning
 v - 3 scrolls of fog
 y - 5 scrolls of magic mapping
 I - 3 scrolls of blinking
 U - 2 scrolls of fear
 W - 2 scrolls of holy word
Potions
 b - a potion of brilliance
 u - 4 potions of flight
 B - 4 potions of resistance
 E - 2 potions of might
 H - 2 potions of haste
 R - 3 potions of agility
 T - a potion of curing
 Y - a potion of lignification
Comestibles
 f - 29 rations


   Skills:
 + Level 10.3 Fighting
 * Level 14.7 Short Blades
 - Level 5.1 Throwing
 * Level 10.8 Armour
 + Level 11.4 Dodging
 + Level 11.3 Stealth
 + Level 7.7 Spellcasting
 + Level 7.8 Hexes
   Level 5.1 Charms
 - Level 4.0 Translocations
 - Level 2.2 Ice Magic
 - Level 5.3 Evocations


You had 16 spell levels left.
You knew the following spells:

 Your Spells              Type           Power        Failure   Level  Hunger
a - Ensorcelled Hibernat  Hex/Ice        ###...       4%          2    None
b - Controlled Blink      Tloc           N/A          100%        8    #######
c - Blink                 Tloc           N/A          6%          2    None
d - Confusing Touch       Hex            ####..       1%          1    None

Your spell library contained the following spells:

 Spells                   Type           Power        Failure   Level  Hunger
 Slow                     Hex            ####....     1%          2    None
 Apportation              Tloc           ###...       4%          1    None
 Shroud of Golubria       Chrm/Tloc      ###.......   4%          2    None
 Freeze                   Ice            ##..         9%          1    None
 Gell's Gravitas          Tloc           ###.......   12%         3    ##.....
 Lesser Beckoning         Tloc           ###.......   12%         3    ##.....
 Teleport Other           Tloc           ###.....     12%         3    ##.....
 Ozocubu's Armour         Chrm/Ice       ###.....     14%         3    ##.....
 Throw Frost              Conj/Ice       #.....       21%         2    None
 Animate Skeleton         Necr           N/A          22%         1    None
 Magic Dart               Conj           #...         22%         1    None
 Summon Small Mammal      Summ           #...         22%         1    None
 Recall                   Summ/Tloc      N/A          28%         3    ##.....
 Call Imp                 Summ           #.......     32%         2    None
 Passage of Golubria      Tloc           N/A          38%         4    ####...
 Conjure Flame            Conj/Fire      #.......     54%         3    ##.....
 Mephitic Cloud           Conj/Pois/Air  #.......     54%         3    ##.....
 Summon Ice Beast         Ice/Summ       #.......     80%         4    ####...
 Throw Icicle             Conj/Ice       #.......     80%         4    ####...


Dungeon Overview and Level Annotations

Branches:
Dungeon (13/15)            Temple (1/1) D:7            Lair (6/6) D:10
  Swamp (0/4) Lair:4       Spider (0/4) Lair:2        Slime (0/5) Lair:5
    Orc (1/2) D:12
 Vaults: D:13-14

Altars:
Ashenzari
Cheibriados
Dithmenos
Elyvilon
Fedhas
Gozag
Hepliaklqana
Kikubaaqudgha
Makhleb
Nemelex Xobeh
Okawaru
Qazlal
Ru
Sif Muna
Trog
Uskayaw
Vehumet
Wu Jian
Xom
Yredelemnul
Zin
The Shining One


Innate Abilities, Weirdness & Mutations

You are small and have problems with some larger weapons.
You are carnivorous and can eat meat at any time.


Message History

Your hands begin to glow red.
The ettin hits you with a +0 dire flail!!
The ettin barely misses you.
You hit the ettin but do no damage.
The ettin is moderately wounded.
The ettin closely misses you. The ettin misses you.
You hit the ettin but do no damage.
The ettin is moderately wounded.
You hit the ettin but do no damage.
The ettin is moderately wounded.
The ettin hits you with a +0 dire flail.
The ettin hits you with a +0 dire flail!!
You hit the ettin but do no damage.
The ettin is lightly wounded.
You hit the ettin but do no damage.
The ettin is lightly wounded.
You hit the ettin but do no damage.
The ettin is lightly wounded.
The ettin hits you with a +0 dire flail!!!
You die...

.......#......#.........#....#...
##.....'...†..#.........'....#...
#.....#......#.........#....#...
#.....###'####.........#....#...
#.............)........###+.#...
##.....................####...###
.......................#....8....
####'###################.........
................@Co....#.........
..............####o##..#.{.......
..............'..{..#...o.o......
......######..#.....#..{.........
......'....#..#.....#...8...>)..8
).....#....#..#.....#............
......#....#..#.....#............
....).######..#.....#..#.........
..............#######..#.........


You could see an ettin, an orc warrior and an orc.

Vanquished Creatures
  The ghost of Borgoz the Slicer, a journeyman KoGl of Ashenzari (Lair:4)
  An ettin (D:12)
  A fire dragon (Lair:6)
  A vault guard (D:12)
  A catoblepas (Lair:6)
  3 hydras
  A centaur warrior (D:11)
  An ogre mage (Volcano)
  3 death yaks (Lair:6)
  5 two-headed ogres
  A hell knight (Volcano)
  Sonja (Lair:2)
  2 unseen horrors
  4 lindwurms (Lair:6)
  A wolf spider (Lair:2)
  8 elephants
  3 ugly things (D:12)
  Psyche (D:10)
  Maurice (D:12)
  3 manticores
  12 black mambas
  9 torpor snails
  14 spiny frogs
  7 rime drakes
  9 komodo dragons
  2 trolls
  A queen bee (D:8)
  A jumping spider (Lair:2)
  8 blink frogs
  A polar bear (Lair:5)
  6 hornets (Lair:6)
  3 tyrant leeches (Lair:6)
  9 dream sheep (Lair:6)
  6 hippogriffs
  3 wyverns
  3 redbacks (Lair:2)
  3 water elementals (D:11)
  A shadow (D:12)
  70 yaks
  A hungry ghost (D:12)
  Grum (D:8)
  2 basilisks
  Edmund (D:5)
  11 water moccasins
  7 porcupines
  2 black bears
  3 ice beasts
  2 sky beasts
  4 phantoms
  6 ogres
  10 centaurs
  5 orc warriors
  14 crocodiles
  22 wolves
  2 big kobolds
  15 bullfrogs
  A wyvern zombie (D:9)
  A wyvern skeleton (D:8)
  9 scorpions (Ossuary)
  2 troll zombies (D:12)
  35 killer bees
  6 electric eels
  4 howler monkeys (D:7)
  5 centaur zombies
  2 crimson imps
  A quasit (D:12)
  3 bullfrog skeletons
  4 human zombies (Ossuary)
  3 jellies
  4 hounds
  6 orc wizards
  9 orc priests
  2 centaur skeletons
  Jessica (D:1)
  2 iguanas
  8 worker ants
  A killer bee zombie (D:8)
  6 ogre zombies (D:12)
  3 mummies (Ossuary)
  Robin (D:2)
  A worker ant zombie (D:11)
  4 gnolls (D:8)
  A howler monkey skeleton (D:6)
  4 scorpion zombies (Ossuary)
  15 adders
  3 shadow imps
  2 oozes
  2 adder skeletons
  2 adder zombies
  2 worms
  4 dart slugs (D:1)
  3 leopard geckos
  40 orcs
  3 ball pythons
  7 giant cockroaches
  A gnoll zombie (Ossuary)
  10 hobgoblins
  7 jackals
  9 bats
  3 frilled lizards
  14 goblins
  A goblin skeleton (D:12)
  6 goblin zombies
  3 hobgoblin skeletons (D:12)
  2 hobgoblin zombies
  13 kobolds
  3 kobold zombies (Ossuary)
  3 orc skeletons (D:12)
  17 orc zombies
  A quokka skeleton (D:9)
  2 quokka zombies
  3 rats
  5 plants
634 creatures vanquished.

Vanquished Creatures (others)
  A scorpion (Ossuary)
  2 bushes (Lair:6)
  28 fungi
  23 plants
54 creatures vanquished.

Grand Total: 688 creatures vanquished

Notes
Turn   | Place    | Note
-------+----------+-------------------------------------------
     0 | D:1      | Borgoz the Kobold Gladiator began the quest for the Orb.
     0 | D:1      | Reached XP level 1. HP: 12/12 MP: 1/1
   435 | D:1      | Reached XP level 2. HP: 18/18 MP: 2/2
   782 | D:1      | Reached skill level 1 in Armour
   876 | D:1      | Reached XP level 3. HP: 17/22 MP: 3/3
  1246 | D:2      | Noticed Robin
  1259 | D:1      | Reached XP level 4. HP: 25/27 MP: 4/4
  1278 | D:2      | Noticed Jessica
  1462 | D:1      | Killed Jessica
  1513 | D:2      | Killed Robin
  1513 | D:2      | Reached XP level 5. HP: 32/32 MP: 5/5
  2209 | D:2      | Reached skill level 5 in Short Blades
  2878 | D:4      | Found a shadowy altar of Dithmenos.
  3048 | D:4      | Identified the Handbook of Captivating Translocation
  3076 | D:4      | Reached XP level 6. HP: 28/37 MP: 6/6
  3494 | D:4      | Learned a level 2 spell: Ensorcelled Hibernation
  3624 | D:4      | Found an iron altar of Okawaru.
  3709 | D:4      | Found an opulent altar of Gozag.
  3814 | D:4      | Found a burning altar of Makhleb.
  3943 | D:5      | Entered Level 5 of the Dungeon
  3977 | D:5      | Reached skill level 5 in Dodging
  3994 | D:5      | Reached XP level 7. HP: 37/42 MP: 7/7
  4283 | D:5      | Reached skill level 6 in Short Blades
  4379 | D:5      | Reached XP level 8. HP: 31/48 MP: 8/8
  4728 | D:5      | Noticed Edmund
  4749 | D:5      | Killed Edmund
  4749 | D:5      | Reached skill level 1 in Evocations
  5295 | D:6      | You fall through a shaft!
  5295 | D:7      | Found a sand-covered staircase.
  5345 | Ossuary  | Entered an ossuary
  5374 | Ossuary  | Reached skill level 1 in Spellcasting
  5564 | Ossuary  | Reached skill level 5 in Fighting
  6103 | Ossuary  | Reached skill level 5 in Armour
  6103 | Ossuary  | Reached XP level 9. HP: 52/54 MP: 11/11
  6111 | Ossuary  | Reached skill level 7 in Short Blades
  6672 | D:7      | Identified a scroll of acquirement
  6720 | D:7      | Reached skill level 1 in Stealth
  7083 | D:6      | Learned a level 8 spell: Controlled Blink
  7975 | D:7      | Found a shimmering altar of Xom.
  7978 | D:7      | Found a staircase to the Ecumenical Temple.
  8001 | Temple   | Entered the Ecumenical Temple
  8088 | Temple   | Became a worshipper of Ashenzari the Shackled
  8780 | D:8      | Reached skill level 1 in Hexes
  8986 | D:8      | Noticed Grum
  8997 | D:8      | Reached skill level 1 in Charms
  9016 | D:8      | Killed Grum
  9016 | D:8      | Reached skill level 1 in Translocations
  9027 | D:8      | Reached XP level 10. HP: 35/60 MP: 9/14
  9427 | D:7      | Found a glowing golden altar of the Shining One.
  9978 | D:8      | Reached skill level 8 in Short Blades
 10534 | D:8      | Found a sacrificial altar of Ru.
 10848 | D:8      | Found a snail-covered altar of Cheibriados.
 11183 | D:9      | Reached skill level 5 in Throwing
 11461 | D:9      | Reached XP level 11. HP: 41/66 MP: 9/16
 11484 | D:9      | Reached skill level 5 in Stealth
 11698 | D:9      | Found a snail-covered altar of Cheibriados.
 11785 | D:9      | Found a shimmering altar of Xom.
 11995 | D:10     | Entered Level 10 of the Dungeon
 11998 | D:10     | Noticed a two-headed ogre
 12362 | D:10     | Found a radiant altar of Vehumet.
 12419 | D:10     | Reached skill level 5 in Evocations
 12424 | D:10     | Killed a two-headed ogre
 12546 | D:10     | Noticed Psyche
 12557 | D:10     | Killed Psyche
 12627 | D:10     | Found a staircase to the Lair.
 12713 | D:10     | Noticed an unseen horror
 12734 | D:10     | Killed an unseen horror
 12734 | D:10     | Reached skill level 9 in Short Blades
 13048 | D:11     | Reached * piety under Ashenzari
 13078 | D:11     | Found a white marble altar of Elyvilon.
 13315 | D:11     | Noticed a centaur warrior
 13337 | D:11     | Killed a centaur warrior
 13339 | D:11     | Reached XP level 12. HP: 51/72 MP: 4/18
 15529 | D:12     | Reached skill level 5 in Charms
 15768 | D:12     | Noticed an unseen horror
 15860 | D:12     | Killed an unseen horror
 15860 | D:12     | Reached skill level 5 in Spellcasting
 15910 | D:12     | Noticed Maurice
 15925 | D:12     | Killed Maurice
 15925 | D:12     | Reached skill level 10 in Short Blades
 15958 | D:12     | Found a staircase to the Orcish Mines.
 16134 | Orc:1    | Entered Level 1 of the Orcish Mines
 16134 | Orc:1    | Noticed an ettin
 16484 | D:13     | Noticed a seven-headed hydra
 16493 | D:12     | Killed a seven-headed hydra
 16493 | D:12     | Reached skill level 1 in Ice Magic
 16596 | D:13     | Noticed a vault guard
 16606 | D:13     | Noticed a vault guard
 16620 | D:12     | Killed a vault guard
 16857 | D:13     | Noticed a vault guard
 16919 | D:13     | Noticed a vault guard
 16919 | D:13     | Noticed a vault guard
 16993 | D:13     | Noticed a vault guard
 17022 | D:13     | Noticed a centaur warrior
 17462 | Lair:1   | Entered Level 1 of the Lair of Beasts
 17469 | Lair:1   | Got the hand crossbow "Aduam" {elec, +Fly MR+ Str+4 Int-3}
 17504 | Lair:1   | Identified the +8 hand crossbow "Aduam" {elec, +Fly MR+
                  | Str+4 Int-3} (You found it on level 1 of the Lair of
                  | Beasts)
 17619 | Lair:1   | Noticed a six-headed hydra
 17638 | Lair:1   | Killed a six-headed hydra
 17638 | Lair:1   | Reached skill level 5 in Hexes
 17638 | Lair:1   | Reached XP level 13. HP: 43/78 MP: 13/20
 17650 | Lair:1   | Reached skill level 11 in Short Blades
 18438 | Lair:1   | Learned a level 2 spell: Blink
 19005 | Lair:1   | Found the +8 whip "Snakebite" {curare, rPois}
 19837 | Lair:2   | Noticed Sonja
 19843 | Lair:2   | Killed Sonja
 19951 | Lair:2   | Found a hole to the Spider Nest.
 20060 | Lair:2   | Reached skill level 12 in Short Blades
 20619 | Lair:2   | Reached ** piety under Ashenzari
 20855 | Lair:2   | Identified the ring "Omiamn" {MR+ Int+4 Slay+3}
 21306 | Lair:2   | Reached skill level 10 in Dodging
 21489 | Lair:3   | Found a dark tunnel.
 21499 | Volcano  | Entered a volcano
 21607 | Volcano  | Reached XP level 14. HP: 47/86 MP: 13/23
 22344 | Lair:4   | Found a runed translucent door.
 22344 | Lair:4   | Noticed Borgoz's ghost (journeyman KoGl)
 22348 | Lair:4   | Killed Borgoz's ghost
 22569 | Lair:3   | Reached skill level 13 in Short Blades
 22932 | Lair:3   | Reached *** piety under Ashenzari
 23367 | Lair:4   | Reached skill level 10 in Stealth
 23393 | Lair:4   | Found a staircase to the Swamp.
 24105 | Lair:5   | Found a staircase to the Slime Pits.
 24321 | Lair:5   | Reached skill level 10 in Armour
 25104 | Lair:5   | Reached **** piety under Ashenzari
 25422 | Lair:6   | Entered Level 6 of the Lair of Beasts
 25779 | Lair:6   | Reached XP level 15. HP: 69/92 MP: 21/25
 26309 | Lair:6   | Reached skill level 14 in Short Blades
 26676 | Lair:6   | Reached skill level 10 in Fighting
 27344 | Lair:6   | Found a runed translucent door.
 27820 | Lair:6   | Learned a level 1 spell: Confusing Touch
 29169 | D:12     | Slain by an ettin

Levels and vault maps discovered:
D:1:      co_arrival_random_square_maze, layout_basic
D:2:      minmay_inner_zag, layout_loops_cross, first_ration, uniq_robin,
          uniq_jessica
D:3:      layout_basic
D:4:      layout_basic, lightli_temple_of_fire, overflow_temple_1_default,
          old_standard_altar, grunt_gozag_breadcrumbs,
          corexii_item_surrounded_by_moat
D:5:      layout_cave_pools, uniq_edmund
D:6:      layout_loops_corners, minmay_manual_monstrance
D:7:      layout_cave_pods, overflow_temple_1_default, tso_metal_star,
          minmay_temple_entry_sparse_star, enter_ossuary_3
D:8:      layout_basic, hangedman_ru_absence, overflow_temple_1_default,
          david_nohive_1, uniq_grum
D:9:      layout_rooms, statue_in_the_mist_lemuel, hangedman_feature_mirror
D:10:     layout_roguey, dpeg_oklobed_lair, basic_altar, uniq_psyche
D:11:     layout_roguey, basic_altar, kennysheep_boxes
D:12:     layout_irregular_city, zombieorc2_lemuel, uniq_maurice
D:13:     layout_cave_pools, erik_vaults_2
Temple:   nicolae_temple_great_sept
Lair:1:   minmay_guarded_unrand_snakebite, layout_cave_pods,
          nicolae_quartered_pool_super
Lair:2:   layout_regular_city, spider_nest_entry_funnel_web, uniq_sonja
Lair:3:   layout_chaotic_city, lightli_volcano_entry_magma_tube, minivault_19,
          minmay_holes, beast_lair_carwin_4
Lair:4:   layout_hall_layers, swamp_mist, gammafunk_ghost_grave, serial_forest,
          infiniplex_forest_lined_room_, infiniplex_forest_lined_1,
          infiniplex_forest_lined_3, infiniplex_forest_zigzag_1,
          infiniplex_forest_lined_3, infiniplex_forest_straight_2
Lair:5:   layout_loops_ring, slime_dummy, serial_bayou_shore_a
Lair:6:   hangedman_lair_in_review, layout_misc_corridors, wormcave
Orc:1:    layout_caves, abandoned_shop, minmay_orc_temple_a
Ossuary:  ossuary_minmay_scorpions
Volcano:  volcano_pools

Skill      XL: |  1  2  3  4  5  6  7  8  9 10 11 12 13 14 15 |
---------------+----------------------------------------------+-----
Armour         | 1 2 3 4 5 6 7 8 9 10 | 10.8
Dodging        | 4 5 6 7 8 9 10 11 | 11.4
Fighting       | 3 4 5 6 7 8 9 10 | 10.3
Short Blades   | 5 6 7 8 9 10 12 13 14 | 14.7
Evocations     | 2 3 4 5 |  5.3
Spellcasting   | 1 2 3 4 5 6 7 |  7.7
Throwing       | 3 4 5 |  5.1
Stealth        | 3 4 6 7 9 10 11 | 11.3
Hexes          | 1 2 3 5 6 7 |  7.8
Charms         | 1 3 4 5 |  5.1
Translocations | 1 2 3 4 |  4.0
Ice Magic      | 1 2 |  2.2

Action                   |  1- 3 |  4- 6 |  7- 9 | 10-12 | 13-15 || total
-------------------------+-------+-------+-------+-------+-------++-------
Melee: Rapier            |    87 |   217 |   574 |  1295 |  1173 ||  3346
       Short sword       |       |       |    94 |       |   256 ||   350
       Dagger            |       |       |       |       |    43 ||    43
       Whip              |       |       |       |       |    25 ||    25
Throw: Throwing net      |       |       |       |     1 |     3 ||     4
 Cast: Ensorcelled Hiber |       |       |       |       |   142 ||   142
       Confusing Touch   |       |       |       |       |    11 ||    11
Invok: Curse Item        |       |       |     2 |     1 |       ||     3
Evoke: Wand              |       |       |     7 |    20 |    17 ||    44
  Use: Scroll            |     6 |     6 |    13 |    10 |    12 ||    47
       Potion            |       |       |     4 |     5 |     7 ||    16
 Stab: Distracted        |     1 |     1 |       |     2 |     3 ||     7
       Sleeping          |     1 |       |       |    13 |    65 ||    79
       Invisible         |       |       |       |     5 |       ||     5
       Paralysed         |       |       |       |     6 |     6 ||    12
       Held in net/web   |       |       |       |     2 |       ||     2
       Confused          |       |       |       |       |    13 ||    13
       Petrifying        |       |       |       |       |     1 ||     1
  Eat: Chunk             |     5 |    13 |    17 |    33 |    41 ||   109
Armor: Leather armour    |    12 |    45 |       |       |       ||    57
       Ring mail         |       |    11 |   182 |   275 |   318 ||   786
Dodge: Dodged            |    56 |   178 |   542 |   972 |  1079 ||  2827

Table legend:
 A = Non-vault XP
 B = Vault XP
 C = Vault XP percentage of total XP
 D = Non-vault monster count
 E = Vault monster count
 F = Vault count percentage of total count
                 A         B        C        D         E       F
            +---------+---------+-------+---------+---------+-------
      Total |   62601 |   36433 |  36.8 |     448 |     179 |  28.5
            +---------+---------+-------+---------+---------+-------
        D:1 |      40 |      58 |  59.2 |      15 |      12 |  44.4
        D:2 |      47 |      33 |  41.2 |      15 |       4 |  21.1
        D:3 |      56 |       0 |   0.0 |      22 |       0 |   0.0
        D:4 |     206 |       0 |   0.0 |      11 |       0 |   0.0
        D:5 |     808 |     171 |  17.5 |      18 |       1 |   5.3
        D:6 |     156 |     479 |  75.4 |       7 |       4 |  36.4
        D:7 |     729 |       0 |   0.0 |      21 |       0 |   0.0
        D:8 |    1392 |    1764 |  55.9 |      37 |      20 |  35.1
        D:9 |    2408 |     227 |   8.6 |      38 |       2 |   5.0
       D:10 |    3954 |     482 |  10.9 |      20 |       1 |   4.8
       D:11 |    3718 |       0 |   0.0 |      28 |       0 |   0.0
       D:12 |    6135 |    2090 |  25.4 |      34 |      38 |  52.8
       D:13 |     759 |       0 |   0.0 |       4 |       0 |   0.0
     Lair:1 |    5095 |    1728 |  25.3 |      22 |       7 |  24.1
     Lair:2 |    6204 |    2723 |  30.5 |      33 |       7 |  17.5
     Lair:3 |    6021 |    2250 |  27.2 |      26 |       7 |  21.2
     Lair:4 |    4728 |    1257 |  21.0 |      18 |       1 |   5.3
     Lair:5 |    9290 |     484 |   5.0 |      42 |       1 |   2.3
     Lair:6 |   10855 |   16486 |  60.3 |      37 |      37 |  50.0
    Ossuary |       0 |     870 | 100.0 |       0 |      31 | 100.0
    Volcano |       0 |    5331 | 100.0 |       0 |       6 | 100.0
            +---------+---------+-------+---------+---------+-------
